 Dungeon Crawl Stone Soup version 0.30.0-29-ga12c61a403 (webtiles) character file.

Game seed: 5958851623215135706

151 qw the Chopper (level 5, -2/32 HPs)
             Began as a Gargoyle Fighter on June 3, 2023.
             Slain by a gnoll
             ... wielding a +0 whip
             ... led by a gnoll bouda
              (4 damage)
             ... on level 3 of the Dungeon.
             The game lasted 00:01:07 (1892 turns).

qw the Chopper (Gargoyle Fighter)                   Turns: 1892, Time: 00:01:08

Health: -2/32      AC: 17    Str: 22    XL:     5   Next: 33%
Magic:  5/5        EV:  6    Int:  8    God:
Gold:   104        SH:  4    Dex:  9    Spells: 4/4 levels left

rFire   . . .        Y - +0 war axe
rCold   . . .        c - +0 buckler
rNeg    + . .        g - +2 plate armour {Will+}
rPois   inf          (no helmet)
rElec   +            (no cloak)
rCorr   .            (no gloves)
SInv    .            (no boots)
Will    +....        (no amulet) Stlth
                     (no ring)
HPRegen 0.25/turn    (no ring)
MPRegen 0.09/turn

%: no passive effects
@: weakened
A: sickness immunity, AC +4, negative energy resistance 1, electricity
resistance, torment resistance 1, petrification resistance
a: no special abilities


You were on level 3 of the Dungeon.
You visited 1 branch of the dungeon, and saw 3 of its levels.

You collected 131 gold pieces.
You spent 27 gold pieces at shops.


Innate Abilities, Weirdness & Mutations

You are immune to sickness and miasma.
Your stone body is resilient. (AC +4)
You are immune to poison.
You resist negative energy. (rN+)
You are resistant to electric shocks. (rElec)
You are resistant to unholy torment.
You are immune to petrification.


   Skills:
 - Level 3.2 Fighting
 + Level 4.9 Axes
 - Level 3.2 Armour
 - Level 3.2 Shields


You had 4 spell levels left.
You didn't know any spells.
Your spell library was empty.

Inventory:

Hand Weapons
 f - a +0 whip
 Y - a +0 war axe (weapon)
Armour
 c - a +0 buckler (worn)
 g - a +2 plate armour of willpower (worn)
 i - a +2 plate armour of cold resistance
Jewellery
 j - a ring of ice
Potions
 a - a potion of flight {unknown}
 b - 2 potions of mutation {unknown}
 d - 2 potions of might
 h - 3 potions of curing
 k - a potion of cancellation {unknown}
 l - a potion of haste {unknown}
 m - 2 potions of berserk rage {unknown}

Dungeon Overview and Level Annotations

Branches:
Dungeon (3/15)

Altars:

Shops:
D:2 (


Message History

The gnoll bouda hits you with a +0 club.
You closely miss the gnoll bouda.
The gnoll bouda is almost dead.
You closely miss the gnoll. The gnoll hits you but does no damage.
The gnoll hits you from afar with a +0 halberd!
The gnoll bouda gazes fiercely through you!
You feel as though you will be weak longer.
The gnoll bouda hits you but does no damage.
1886 ||| READING scroll of teleportation.
As you read the scroll of teleportation, it crumbles to dust.
You feel strangely unstable. The gnoll hits you but does no damage.
The gnoll barely misses you.
The gnoll bouda gazes fiercely through you!
You feel as though you will be weak longer.
The gnoll bouda hits you but does no damage.
You hit the gnoll bouda.
You kill the gnoll bouda!
You barely miss the gnoll. The gnoll hits you with a +0 whip.
The gnoll barely misses you. x2
You barely miss the gnoll.
The gnoll is heavily wounded.
You block the gnoll's attack. The gnoll hits you with a +0 whip.
The gnoll barely misses you.
You hit the gnoll but do no damage.
The gnoll is heavily wounded.
Your surroundings suddenly seem different.
Enter note:
Enter note: The gnoll closely misses you.
Enter note:
Enter note: The gnoll is no longer moving quickly.
Enter note:
Enter note: You hit the gnoll.
The gnoll is heavily wounded.
You hit the gnoll. The gnoll hits you with a +0 whip.
You die...

... #.# #.# #.#
#.# #.# # #.# #.#
#. #.# #.# #..#.##
#.# ##.....## #.#
.#....#..# #.#
........@g# #.#
###.....#g## #.#
#........######.#
#.....#).##....<#
......##.)##.#####
#~ ##...# #.(##.#
#~ ....# #..##.#
## #### #..##.# #
#...#.####### ..


You could see 2 gnolls.

Vanquished Creatures
  A gnoll bouda (D:3)
  5 gnolls
  2 adders (D:2)
  5 dart slugs
  An orc (D:3)
  4 endoplasms
  2 giant cockroaches
  3 goblins
  5 hobgoblins
  4 jackals
  2 kobolds
  A quokka (D:1)
  A ball python (D:2)
  5 bats
  2 frilled lizards (D:3)
  5 rats
48 creatures vanquished.

Notes
Turn   | Place    | Note
-------+----------+-------------------------------------------
     0 | D:1      | qw the Gargoyle Fighter began the quest for the Orb.
     0 | D:1      | Reached XP level 1. HP: 14/14 MP: 1/1
     0 | D:1      | 0 ||| qw: Version: 0.2-a-103-g5a998e5
     0 | D:1      | 0 ||| qw: Game counter: 988
     0 | D:1      | 0 ||| qw: Always use a shield: true
     0 | D:1      | 0 ||| qw: God list: Okawaru
     0 | D:1      | 0 ||| qw: Allow faded altars: false
     0 | D:1      | 0 ||| qw: Do Orc after D:15 true
     0 | D:1      | 0 ||| qw: Do second Lair branch before Depths: true
     0 | D:1      | 0 ||| qw: Lair rune preference: random
     0 | D:1      | 0 ||| qw: Plans: Normal, Zot:1-4, Slime:5, God:TSO, Crypt,
                  | Tomb, Pan, Hells, Abyss, Win
     0 | D:1      | 0 ||| PLANNING D:1-11
    52 | D:1      | Reached skill level 2 in Axes
   224 | D:1      | Reached XP level 2. HP: 19/19 MP: 2/2
   743 | D:1      | Reached skill level 3 in Axes
   893 | D:1      | 893 ||| UPGRADING to +1 plate armour of willpower.
   903 | D:1      | 903 ||| DROPPING +0 scale mail.
   904 | D:1      | 904 ||| READING scroll labelled INKEOXT ESAKI.
   905 | D:1      | 905 ||| READING scroll labelled HOEFACLY XUMN.
   906 | D:1      | 906 ||| READING scroll labelled QYFEFA VOMO.
   907 | D:1      | 907 ||| READING scroll labelled VAIGAGOEGUCH.
   908 | D:1      | 908 ||| READING scroll labelled POCHOD RUOTT.
   909 | D:1      | 909 ||| DRINKING 2 ruby potions.
   959 | D:2      | Reached XP level 3. HP: 23/23 MP: 3/3
   963 | D:2      | 963 ||| READING scroll of enchant armour.
   963 | D:2      | 963 ||| ENCHANTING +1 plate armour of willpower.
  1024 | D:2      | Found Nyphaph's Weapon Shop.
  1095 | D:2      | 1095 ||| BUYING +0 whip (27 gold).
  1095 | D:2      | Bought a +0 whip for 27 gold pieces
  1095 | D:2      | 1095 ||| DROPPING +0 club.
  1187 | D:2      | Reached XP level 4. HP: 28/28 MP: 4/4
  1225 | D:2      | 1225 ||| FLEEEEING.
  1239 | D:2      | 1239 ||| FLEEEEING.
  1240 | D:2      | 1240 ||| FLEEEEING.
  1241 | D:2      | 1241 ||| FLEEEEING.
  1242 | D:2      | 1242 ||| FLEEEEING.
  1243 | D:2      | 1243 ||| FLEEEEING.
  1244 | D:2      | 1244 ||| FLEEEEING.
  1245 | D:2      | 1245 ||| FLEEEEING.
  1246 | D:2      | 1246 ||| FLEEEEING.
  1247 | D:2      | 1247 ||| FLEEEEING.
  1248 | D:2      | 1248 ||| FLEEEEING.
  1249 | D:2      | 1249 ||| FLEEEEING.
  1250 | D:2      | 1250 ||| FLEEEEING.
  1251 | D:2      | 1251 ||| FLEEEEING.
  1252 | D:2      | 1252 ||| FLEEEEING.
  1253 | D:2      | 1253 ||| FLEEEEING.
  1254 | D:2      | 1254 ||| FLEEEEING.
  1255 | D:2      | 1255 ||| FLEEEEING.
  1256 | D:2      | 1256 ||| FLEEEEING.
  1257 | D:2      | 1257 ||| FLEEEEING.
  1258 | D:2      | 1258 ||| FLEEEEING.
  1259 | D:2      | 1259 ||| STAIRDANCE
  1279 | D:1      | 1279 ||| READING 2 scrolls labelled HEOSUBBEFID.
  1280 | D:1      | 1280 ||| READING scroll labelled QIYLAC QOANN.
  1281 | D:1      | 1281 ||| READING scroll labelled GAOCIG XAUPOCE.
  1286 | D:1      | 1286 ||| READING scroll labelled DADDIKKEEF.
  1287 | D:1      | 1287 ||| DROPPING scroll of fear.
  1529 | D:3      | Reached skill level 4 in Axes
  1529 | D:3      | 1529 ||| STAIRDANCE
  1567 | D:3      | 1567 ||| Stepping ~*~*~tactically~*~*~ (stealth).
  1574 | D:3      | 1574 ||| Stepping ~*~*~tactically~*~*~ (stealth).
  1575 | D:3      | 1575 ||| Stepping ~*~*~tactically~*~*~ (stealth).
  1576 | D:3      | 1576 ||| Stepping ~*~*~tactically~*~*~ (stealth).
  1627 | D:3      | 1627 ||| Stepping ~*~*~tactically~*~*~ (hiding).
  1629 | D:3      | 1629 ||| Stepping ~*~*~tactically~*~*~ (hiding).
  1779 | D:3      | Found a faded altar of an unknown god.
  1875 | D:3      | 1875 ||| Stepping ~*~*~tactically~*~*~ (stealth).
  1877 | D:3      | 1877 ||| Stepping ~*~*~tactically~*~*~ (hiding).
  1881 | D:3      | Reached XP level 5. HP: 32/32 MP: 5/5
  1885 | D:3      | HP: 6/32 [gnoll/+0 halberd[a gnoll bouda] (8)]
  1886 | D:3      | 1886 ||| READING scroll of teleportation.
  1888 | D:3      | HP: 1/32 [gnoll/+0 whip[a gnoll bouda] (3)]
  1892 | D:3      | Slain by a gnoll

Levels and vault maps discovered:
D:1:      roderic_crop_circles_arrival_small, layout_loops_ring, serial_glass,
          glass_columns_b, glass_columns_c, st_stairs_10, minmay_ruptured
D:2:      cheibrodos_old_hovel, layout_rooms, serial_shops,
          nicolae_shop_bloodbath_and_beyond
D:3:      layout_loops_ring, nemelex_spade_bored_becter,
          nicolae_ecumenical_lake_church

Skill      XL: |  1  2  3  4 |
---------------+-------------+-----
Axes           | 2 3 4 |  4.9
Fighting       | |  3.2
Armour         | |  3.2
Shields        | |  3.2

Action                     |  1- 3 |  4- 6 || total
---------------------------+-------+-------++-------
  Melee: War axe           |    99 |    55 ||   154
    Use: Scroll            |     6 |     5 ||    11
         Potion            |     1 |       ||     1
 Armour: Scale mail        |    21 |       ||    21
         Plate armour      |    53 |    39 ||    92
  Dodge: Dodged            |    37 |    28 ||    65
  Block: Buckler           |    18 |    11 ||    29

Table legend:
 A = Non-vault XP
 B = Vault XP
 C = Vault XP percentage of total XP
 D = Non-vault monster count
 E = Vault monster count
 F = Vault count percentage of total count
                 A         B        C        D         E       F
            +---------+---------+-------+---------+---------+-------
      Total |     190 |      27 |  12.4 |      40 |       8 |  16.7
            +---------+---------+-------+---------+---------+-------
        D:1 |      19 |      14 |  42.4 |      11 |       7 |  38.9
        D:2 |      78 |      13 |  14.3 |      21 |       1 |   4.5
        D:3 |      93 |       0 |   0.0 |       8 |       0 |   0.0
            +---------+---------+-------+---------+---------+-------
